 Dungeon Crawl Stone Soup version 0.30-a0-862-g1aabd4f9c5 (webtiles) character file.

Game seed: 10899882116798148947

330 themarg the Caller (level 6, -17/41 HPs)
             Began as a Merfolk Summoner on Mar 8, 2023.
             Demolished by an ogre
             ... wielding a +0 giant spiked club
              (25 damage)
             ... on level 3 of the Dungeon.
             The game lasted 00:11:14 (2931 turns).

themarg the Caller (Merfolk Summoner)               Turns: 2931, Time: 00:11:14

Health: -17/41     AC:  2    Str:  8    XL:     6   Next: 51%
Magic:  6/9        EV: 12    Int: 16    God:
Gold:   75         SH:  0    Dex: 15    Spells: 3/9 levels left

rFire   . . .      SeeInvis .    u - +0 trident
rCold   . . .      Faith    .    (no shield)
rNeg    . . .      Spirit   .    a - +0 robe
rPois   .          Reflect  .    (no helmet)
rElec   .          Rampage  .    (no cloak)
rCorr   .                        (no gloves)
Will    .....                    (no boots)
Stlth   ++                       (no amulet)
HPRegen 0.26/turn                (no ring)
MPRegen 0.11/turn                (no ring)

@: no status effects
A: (nimble swimmer 2), mertail
a: no special abilities


You were on level 3 of the Dungeon.
You visited 1 branch of the dungeon, and saw 3 of its levels.
You also visited: Sewer.

You collected 125 gold pieces.
You spent 50 gold pieces at shops.

Inventory:

Hand Weapons
 d - a +0 dagger
 u - a +0 trident (weapon)
 y - a +1 heavy spear
Missiles
 e - 13 stones
 x - 7 poisoned darts
Armour
 a - a +0 robe (worn)
Wands
 t - a wand of charming (1)
Scrolls
 g - a scroll of enchant armour {unknown}
 i - a scroll of poison {unknown}
 j - a scroll of amnesia {unknown}
 l - 2 scrolls of magic mapping {unknown}
 o - a scroll of immolation {unknown}
 r - a scroll of teleportation
 s - 3 scrolls of summoning {unknown}
 v - a scroll of fog {unknown}
 w - 2 scrolls of fear {unknown}
Potions
 b - a potion of magic
 c - 2 potions of degeneration
 f - a potion of berserk rage
 h - 2 potions of might {unknown}
 k - a potion of lignification
 m - 2 potions of attraction
 n - a potion of ambrosia
 p - a potion of heal wounds {unknown}
 q - 2 potions of haste {unknown}


   Skills:
 - Level 2.6 Dodging
 - Level 3.0 Stealth
 - Level 2.0 Spellcasting
 + Level 7.4 Summonings


You had 3 spell levels left.
You knew the following spells:

 Your Spells              Type           Power      Damage    Failure   Level
a - Summon Small Mammal   Summ           100%       N/A       1%          1
b - Call Imp              Summ           25%        N/A       1%          2
c - Call Canine Familiar  Summ           25%        N/A       3%          3

Your spell library contained the following spells:

 Spells                   Type           Power      Damage    Failure   Level
 Summon Guardian Golem    Hex/Summ       13%        N/A       14%         3
 Blink                    Tloc           2%         N/A       30%         2
 Tukima's Dance           Hex            1%         N/A       52%         3
 Summon Lightning Spire   Summ/Air       13%        N/A       41%         4
 Manifold Assault         Tloc           1%         N/A       90%         4
 Passage of Golubria      Tloc           1%         N/A       90%         4
 Yara's Violent Unravell  Hex/Tmut       0%         3d3       99%         5
 Storm Form               Tmut/Air       0%         N/A       100%        7


Dungeon Overview and Level Annotations

Branches:
Dungeon (3/15)              Sewer (visited)

Altars:

Shops:
D:2 ?

Annotations:
D:3 4 exclusions


Innate Abilities, Weirdness & Mutations

((You are very nimble when in or above water. (Stealth+, EV+, Speed+++)))
Your lower body shifts to a powerful aquatic tail in water.


Message History

Aim: an ogre, wielding a +0 giant spiked club (lightly wounded, ally target, about 28% to evade your +0 trident)
You reach to attack!
You hit the ogre.
The ogre is moderately wounded.
Your hound bites the orc but does no damage.
Your quokka bites the ogre.
Your crimson imp blinks!
Your hound barely misses the orc.
The orc completely misses your hound.
The ogre hits you with a +0 giant spiked club!!
Ouch! That really hurt!
Reach: u) +0 trident
Press: ? - help, Dir - move target, f/p - ogre
Aim: an ogre, wielding a +0 giant spiked club (moderately wounded, ally target, about 28% to evade your +0 trident)
You barely miss the ogre.
The ogre is moderately wounded.
Your hound bites the orc.
Your quokka bites the ogre.
The orc hits your hound with a +0 trident.
Your hound bites the orc.
Your crimson imp hits the ogre.
Your quokka bites the ogre.
Reach: u) +0 trident
Press: ? - help, Dir - move target, f/p - ogre
Aim: an ogre, wielding a +0 giant spiked club (severely wounded, ally target, about 28% to evade your +0 trident)
You hit the ogre but do no damage.
The ogre is severely wounded.
Your hound misses the orc. The orc barely misses your hound.
The ogre hits you with a +0 giant spiked club!
* * * LOW HITPOINT WARNING * * *
Your crimson imp hits the ogre.
Your hound misses the orc.
Your quokka bites the ogre.
The rat barely misses you. The orc barely misses your hound.
Reach: u) +0 trident
Press: ? - help, Dir - move target, f/p - ogre
Aim: an ogre, wielding a +0 giant spiked club (severely wounded, ally target, about 28% to evade your +0 trident)
You barely miss the ogre.
The ogre is severely wounded.
Your hound barely misses the orc.
Your quokka bites the ogre but does no damage.
Your crimson imp blinks!
The ogre hits you with a +0 giant spiked club!!
Ouch! That really hurt!
You die...

# # # #
########################
#....rO@................
......§r#################
......h.# # >....o..# #
...5..... # ..)...... #
......... ........##


You could see an ogre (ally target), an orc (distracted, ally target), a rat, a
friendly hound (summoned), a friendly crimson imp (summoned) and a friendly
quokka (summoned).

Vanquished Creatures
  A bullfrog (Sewer)
  Jessica (D:2)
  An orc wizard (D:3)
  An adder (Sewer)
  2 river rats (Sewer)
  2 goblins
  A kobold (D:3)
  4 ball pythons
  A bat (D:3)
  4 rats
18 creatures vanquished.

Vanquished Creatures (collateral kills)
  A bullfrog (Sewer)
  4 adders
  2 river rats (Sewer)
  3 worms
  A dart slug (D:2)
  2 orcs (D:3)
  2 endoplasms (D:3)
  2 giant cockroaches (D:3)
  3 goblins (D:1)
  2 hobgoblins
  2 kobolds
  2 quokkas (D:2)
  11 ball pythons
  A bat (D:1)
  4 frilled lizards
  10 rats
52 creatures vanquished.

Vanquished Creatures (others)
  A river rat (Sewer)
1 creature vanquished.

Grand Total: 71 creatures vanquished

Notes
Turn   | Place    | Note
-------+----------+-------------------------------------------
     0 | D:1      | themarg the Merfolk Summoner began the quest for the Orb.
     0 | D:1      | Reached XP level 1. HP: 13/13 MP: 3/3
   311 | D:1      | Reached XP level 2. HP: 19/19 MP: 3/5
   314 | D:1      | Learned a level 2 spell: Call Imp
   983 | D:2      | Found a faded altar of an unknown god.
  1239 | D:2      | Noticed Jessica
  1252 | D:2      | Reached XP level 3. HP: 24/24 MP: 2/6
  1265 | D:2      | Killed Jessica
  1266 | D:2      | Reached skill level 5 in Summonings
  1364 | D:2      | Reached XP level 4. HP: 28/30 MP: 3/7
  1489 | D:2      | Found Houfrumi's Magic Scroll Shoppe.
  1512 | D:2      | Bought a scroll of identify for 20 gold pieces
  1512 | D:2      | Bought a scroll of teleportation for 30 gold pieces
  1769 | D:3      | Found a glowing drain.
  1784 | Sewer    | Entered a sewer
  1789 | Sewer    | Learned a level 3 spell: Call Canine Familiar
  2176 | Sewer    | Reached skill level 6 in Summonings
  2176 | Sewer    | Reached XP level 5. HP: 13/35 MP: 1/8
  2397 | Sewer    | Reached skill level 7 in Summonings
  2397 | Sewer    | Reached XP level 6. HP: 7/41 MP: 4/9
  2931 | D:3      | Demolished by an ogre

Illustrated notes

Levels and vault maps discovered:
D:1:      lightli_arrival_statuegarden, layout_loops_cross,
          roderic_nine_men_s_morris
D:2:      layout_rooms, serial_shops, shop_fountains,
          dreamdust_ecumenical_altar_statues, kennysheep_jessica_study
D:3:      layout_basic, tgw_kikubaaqudgha, cheibrodos_sewer_entry_bend,
          minmay_misc_feat_more_columns, kennysheep_boxes

Skill      XL: |  1  2  3  4  5 |
---------------+----------------+-----
Stealth        | 3 |  3.0
Summonings     | 5 6 7 |  7.4
Dodging        | |  2.6
Spellcasting   | |  2.0

Action                     |  1- 3 |  4- 6 || total
---------------------------+-------+-------++-------
  Melee: Dagger            |    20 |    25 ||    45
         Trident           |       |    47 ||    47
         Tailslap          |       |     3 ||     3
         Punch             |       |     1 ||     1
   Cast: Summon Small Mamm |    29 |    30 ||    59
         Call Imp          |     9 |    14 ||    23
         Call Canine Famil |       |    11 ||    11
  Evoke: Wand              |       |     4 ||     4
    Use: Scroll            |       |     4 ||     4
         Potion            |       |     3 ||     3
   Stab: Distracted        |       |     2 ||     2
 Armour: Robe              |     3 |     4 ||     7
         Skin              |       |    23 ||    23
  Dodge: Dodged            |    10 |    57 ||    67

Table legend: (Time is in decaauts)
 A = Elapsed time spent in this place.
 B = Non-inter-level travel time spent in this place.
 C = Inter-level travel time spent in this place.
 D = Time resting spent in this place.
 E = Time spent auto-exploring this place.
 F = Levels seen in this place.
 G = Mean time per level.
                   A        B        C        D        E       F      G
               +--------+--------+--------+--------+--------+-----+--------+
         Total |   2916 |   2881 |     35 |    498 |   1646 |   4 |  729.0 |
       Dungeon |   2151 |   2116 |     35 |      0 |   1646 |   3 |  717.0 |
         Sewer |    764 |    764 |      0 |    498 |      0 |   1 |  764.0 |
               +--------+--------+--------+--------+--------+-----+--------+

Top non-repeatable levels by time:
     D:1: 936 daAuts
   Sewer: 764 daAuts
     D:2: 723 daAuts
     D:3: 492 daAuts
